 Dungeon Crawl Stone Soup version 0.29.1-15-g9cfb28693d (webtiles) character file.

Game seed: 11734633371549169761

335 dudediamond6 the Covert (level 6, -1/42 HPs)
             Began as an Octopode Brigand on Mar 16, 2023.
             Slain by a river rat (6 damage)
             ... in a sewer.
             The game lasted 00:04:41 (2466 turns).

dudediamond6 the Covert (Octopode Brigand)          Turns: 2466, Time: 00:04:42

Health: -1/42      AC:  5    Str: 17    XL:     6   Next: 53%
Magic:  6/6        EV: 13    Int: 13    God:
Gold:   157        SH:  0    Dex: 15    Spells: 5/5 levels left

rFire   . . .      SeeInvis .   a - +2 dagger
rCold   . . .      Faith    .   (no shield)
rNeg    . . .      Spirit   .   (helmet restricted)
rPois   .          Reflect  .   (no amulet)
rElec   .          Harm     .   d - +6 ring of strength
rCorr   .          Rampage  .   h - +4 ring of protection
Will    .....                   k - ring of flight
Stlth   ++++++....              (no ring)
HPRegen 0.14/turn               (no ring)
MPRegen 0.10/turn               (no ring)
                                (no ring)
                                (no ring)

@: lethally poisoned (-1 -> -5), flying
A: almost no armour, amphibious, 8 rings, camouflage 1, gelatinous body 1,
nimble swimmer 1, tentacles
a: no special abilities


You were in a sewer.
You visited 1 branch of the dungeon, and saw 4 of its levels.
You also visited: Sewer.

You collected 157 gold pieces.

Inventory:

Hand Weapons
 a - a +2 dagger (weapon)
Missiles
 b - 9 poisoned darts (quivered)
 c - 3 curare-tipped darts
Jewellery
 d - a +6 ring of strength (left tentacle)
 h - a +4 ring of protection (right tentacle)
 k - a ring of flight (on tentacle)
 n - a ring of ice
Wands
 l - a wand of polymorph (8)
Scrolls
 e - 3 scrolls of identify {unknown}
 f - a scroll of fear {unknown}
 g - a scroll of blinking {unknown}
 i - a scroll of teleportation {unknown}
 j - a scroll of enchant armour {unknown}
 q - a scroll of torment {unknown}
 r - 3 scrolls of acquirement {unknown}
Potions
 m - a potion of curing {unknown}
 o - 2 potions of lignification {unknown}
 p - a potion of might {unknown}


   Skills:
 * Level 3.3 Fighting
 * Level 3.3 Short Blades
 - Level 2.2 Throwing
 + Level 1.4 Dodging
 + Level 8.7 Stealth


You had 5 spell levels left.
You didn't know any spells.
Your spell library contained the following spells:

 Spells                   Type           Power      Damage    Failure   Level
 Necrotise                Necr           0%         1d4       30%         1
 Vampiric Draining        Necr           0%         2d6       67%         3
 Agony                    Necr           0%         N/A       100%        5


Dungeon Overview and Level Annotations

Branches:
Dungeon (4/15)              Sewer (1/1)
 Temple: D:4-7

Altars:
Okawaru
Vehumet


Innate Abilities, Weirdness & Mutations

You cannot wear most types of armour.
You are amphibious.
You can wear up to eight rings at the same time.
Your skin changes colour to match your surroundings (Stealth+).
Your rubbery body absorbs attacks. (AC +1, EV +1)
You are camouflaged when in or above water. (Stealth+)
You have tentacles for arms and can constrict up to eight enemies at once.


Message History

The river rat bites you. The adder bites you.
You are too injured to fight recklessly!
You are too injured to fight recklessly!
The adder attacks as you move away! The adder barely misses you.
A rat comes into view.
The adder attacks as you move away! The adder misses you.
The river rat attacks as you move away! The river rat closely misses you.
The adder bites you but does no damage. The adder attacks as you move away!
The adder closely misses you. The river rat attacks as you move away!
The river rat closely misses you. The adder attacks as you move away!
The adder bites you.
You are poisoned.
The adder poisons you! The river rat attacks as you move away!
The river rat completely misses you.
You feel sick. The adder bites you but does no damage.
You hit the adder. Your grab misses the adder.
The adder is moderately wounded.
The river rat bites you.
* * * LOW HITPOINT WARNING * * *
The adder closely misses you. The river rat attacks as you move away!
The river rat bites you but does no damage.
You feel sick. The adder bites you but does no damage.
You barely miss the adder. Your grab misses the adder.
The adder is moderately wounded.
You feel sick. The adder bites you but does no damage. The river rat bites you.
* * * LOW HITPOINT WARNING * * *
You hit the adder. Your grab misses the adder.
The adder is almost dead.
You feel sick. The adder bites you but does no damage.
The river rat barely misses you.
You closely miss the adder. Your grab misses the adder.
The adder is almost dead.
You feel sick.
You are no longer poisoned.
The adder bites you.
* * * LOW HITPOINT WARNING * * *
You are poisoned.
The adder poisons you! The river rat bites you.
You die...

#######################
###.#r≈S@≈≈≈≈≈≈≈≈≈≈≈#...#
##....~≈r≈≈≈~.≈~≈≈≈~≈.....
#.....≈≈≈~~#~~~#~~≈~~..∩..
#.....~~~~~~#~≈~~~~~≈~.∩..
##.....≈~≈~≈.≈≈~~~≈~~≈.....
#...†.#≈≈≈≈≈≈≈≈≈≈≈≈≈≈~....#
#..†.######################
#...## #...#


You could see an adder, a river rat and a rat.

Vanquished Creatures
  Sigmund (D:2)
  A hound (D:4)
  6 adders
  2 river rats (Sewer)
  2 worms (D:2)
  2 dart slugs (D:3)
  2 orcs (D:3)
  8 endoplasms
  5 giant cockroaches
  3 hobgoblins
  2 quokkas
  4 ball pythons (D:2)
  7 bats
  3 goblins
  4 kobolds
  5 rats
57 creatures vanquished.

Notes
Turn   | Place    | Note
-------+----------+-------------------------------------------
     0 | D:1      | dudediamond6 the Octopode Brigand began the quest for the
                  | Orb.
     0 | D:1      | Reached XP level 1. HP: 14/14 MP: 1/1
   696 | D:1      | Reached XP level 2. HP: 19/19 MP: 2/2
   775 | D:2      | Noticed Sigmund
   800 | D:2      | Reached skill level 6 in Stealth
   947 | D:2      | Reached XP level 3. HP: 25/25 MP: 3/3
  1107 | D:2      | Killed Sigmund
  1108 | D:2      | Reached skill level 8 in Stealth
  1108 | D:2      | Reached XP level 4. HP: 31/31 MP: 4/4
  1108 | D:2      | Reached XP level 5. HP: 36/36 MP: 5/5
  1221 | D:2      | Found a faded altar of an unknown god.
  1627 | D:3      | Reached XP level 6. HP: 42/42 MP: 6/6
  1756 | D:3      | Found an iron altar of Okawaru.
  1892 | D:3      | Found a radiant altar of Vehumet.
  2419 | D:4      | Found a glowing drain.
  2427 | Sewer    | Entered a sewer
  2466 | Sewer    | Slain by a river rat

Illustrated notes

Levels and vault maps discovered:
D:1:      nicolae_arrival_memento_mori, layout_basic
D:2:      layout_rooms, nicolae_ecumenical_oubliette, uniq_sigmund
D:3:      layout_basic, mainiacjoe_overflow_boulevard, fiery_altar_vehumet,
          kennysheep_small_spiral
D:4:      old_forge, layout_basic, gup_sewer_entry_bubbles
Sewer:    sewer_minmay_w

Skill      XL: |  1  2  3  4  5 |
---------------+----------------+-----
Stealth        | 6 8 |  8.7
Fighting       | 3 |  3.3
Short Blades   | 3 |  3.3
Throwing       | |  2.2
Dodging        | |  1.4

Action                   |  1- 3 |  4- 6 || total
-------------------------+-------+-------++-------
Melee: Dagger            |    35 |    77 ||   112
       Constrict         |     5 |    15 ||    20
       Tentacles         |     4 |    12 ||    16
 Stab: Sleeping          |    11 |     9 ||    20
       Distracted        |       |     1 ||     1
Armor: Skin              |     5 |    20 ||    25
Dodge: Dodged            |    13 |    40 ||    53
